 Dungeon Crawl Stone Soup version bcrawl-1.40.3b (webtiles) character file.

Game seed: 9348925485957531791

148827 PlayerOfArmor the Chopper (level 5, -6/45 HPs)
             Began as a Minotaur Fighter on Mar 23, 2024.
             Mangled by a phantom (7 damage)
             ... on level 4 of the Dungeon.
             The game lasted 00:04:01 (2344 turns).

PlayerOfArmor the Chopper (Minotaur Fighter)        Turns: 2344, Time: 00:04:02

Health: -6/45      AC:  6    Str: 21    XL:     5   Next: 13%
Magic:  4/4        EV:  5    Int:  5    God:
Gold:   134        SH:  9    Dex: 10    Spells: 4/4 levels left

rFire    . . .     GDR:     25% a - +0 war axe
rCold    . . .     SeeInvis +   c - +0 medium shield
rNeg     . . .     Gourm    +   b - +0 scale mail
rPois    .         Faith    .   (helmet restricted)
rElec    .         Spirit   .   (no cloak)
rCorr    .         Reflect  .   (no gloves)
MR       .....                  (no boots)
Stlth    ..........             n - amulet of the gourmand
HPRegen  0.17/turn              r - ring of see invisible
MPRegen  0.09/turn              (no ring)

@: no status effects
A: retaliatory headbutt, horns 2
a: no special abilities


You were on level 4 of the Dungeon.
You were not hungry.

You visited 1 branch of the dungeon, and saw 4 of its levels.

You collected 134 gold pieces.

Inventory:

Hand Weapons
 a - a +0 war axe (weapon)
Armour
 b - a +0 scale mail (worn)
 c - a +0 medium shield (worn)
Jewellery
 h - an uncursed ring of fire
 n - an amulet of the gourmand (around neck)
 r - a ring of see invisible (left hand)
Scrolls
 f - a scroll of blinking {unknown}
 g - 4 scrolls of remove curse {unknown}
 i - 2 scrolls of identify
 j - a scroll of immolation {unknown}
 k - 2 scrolls of fog {unknown}
 l - a scroll of enchant armour {unknown}
 o - a scroll of noise {unknown}
 s - a scroll of teleportation {unknown}
Potions
 d - a potion of might
 m - a potion of magic {unknown}
 p - a potion of heal wounds {unknown}
 q - a potion of berserk rage {unknown}
 t - a potion of resistance {unknown}
 u - a potion of degeneration {unknown}
 w - a potion of flight {unknown}
Comestibles
 e - 9 rations {!d}
 v - 4 chunks of flesh


   Skills:
 - Level 3.6 Fighting
 + Level 6.5 Axes
 - Level 3.6 Armour
 - Level 3.6 Shields


You had 4 spell levels left.
You didn't know any spells.
Your spell library contained the following spells:

 Spells                   Type           Power        Failure   Level  Hunger
 Ensorcelled Hibernation  Hex/Ice        #.....       100%        2    ####...
 Song of Slaying          Chrm           #.......     100%        2    ####...
 Ice Form                 Ice/Tmut       #.......     100%        4    ######.
 Piercing Shot            Chrm           #.........   100%        5    #######
 Death Channel            Chrm/Necr      #.........   100%        6    #######
 Ozocubu's Refrigeration  Ice            #.........   100%        6    #######


Dungeon Overview and Level Annotations

Branches:
Dungeon (4/12)
 Temple: D:4-7

Altars:
Dithmenos
Elyvilon
Makhleb
Sif Muna


Innate Abilities, Weirdness & Mutations

You reflexively headbutt those who attack you in melee.
You have a pair of horns on your head.


Message History

The ogre hits you with a +0 giant club.
You barely miss the ogre.
The ogre is severely wounded.
The ogre hits you with a +0 giant club.
You hit the ogre.
The ogre is almost dead.
The ogre hits you with a +0 giant club!
You hit the ogre.
The ogre is almost dead.
The ogre hits you with a +0 giant club!!
* * * LOW HITPOINT WARNING * * *
A phantom comes into view.
You closely miss the ogre.
The ogre is almost dead.
The ogre hits you with a +0 giant club!
* * * LOW HITPOINT WARNING * * *
You slash the ogre!
You kill the ogre!
You miss the phantom. The phantom hits you!
You die...

...#......)..#
.............# ##
..#....#....###.##
##.###..<......#
#.............#
#..........#...#
....####...#...#
#... #...# .##
..##....#W@# ..
###..##)...# ....
.....#
#............
.....##....####
.### #....# ..####
..


You could see a phantom.

Vanquished Creatures
  An ogre (D:4)
  3 adders
  An ooze (D:1)
  A worm (D:2)
  6 dart slugs
  2 leopard geckos
  10 orcs
  5 bats
  5 giant cockroaches
  4 goblins
  6 hobgoblins
  17 jackals
  16 kobolds
  A quokka (D:3)
  A ball python (D:3)
  6 frilled lizards
  A quokka skeleton (D:3)
  4 rats
90 creatures vanquished.

Vanquished Creatures (others)
  2 plants (D:3)
2 creatures vanquished.

Grand Total: 92 creatures vanquished

Notes
Turn   | Place    | Note
-------+----------+-------------------------------------------
     0 | D:1      | PlayerOfArmor the Minotaur Fighter began the quest for the
                  | Orb.
     0 | D:1      | Reached XP level 1. HP: 19/19 MP: 0/0
    97 | D:1      | Reached skill level 3 in Axes
   157 | D:1      | Reached XP level 2. HP: 26/26 MP: 1/1
   333 | D:1      | Reached skill level 4 in Axes
   628 | D:2      | Reached XP level 3. HP: 20/31 MP: 2/2
   736 | D:2      | Reached skill level 5 in Axes
   868 | D:2      | Reached XP level 4. HP: 38/39 MP: 3/3
   895 | D:2      | Found a shadowy altar of Dithmenos.
  1140 | D:2      | Found a burning altar of Makhleb.
  1424 | D:3      | Reached skill level 6 in Axes
  1624 | D:3      | Found a white marble altar of Elyvilon.
  1723 | D:3      | Found a faded altar of an unknown god.
  1754 | D:3      | Prayed at the altar of an unknown god.
  1754 | D:3      | Became a worshipper of Sif Muna the Loreminder
  1754 | D:3      | Reached * piety under Sif Muna
  1754 | D:3      | Identified Sif Muna's Disquisition on the Boosting Glacier
                  | (Sif Muna gifted it to you on level 3 of the Dungeon)
  1754 | D:3      | Received a gift from Sif Muna
  1781 | D:3      | Fell from the grace of Sif Muna
  2004 | D:3      | Reached XP level 5. HP: 45/45 MP: 4/4
  2336 | D:4      | Noticed an ogre
  2342 | D:4      | Noticed a phantom
  2343 | D:4      | HP: 1/45 [ogre/+0 giant club (8)]
  2344 | D:4      | Killed an ogre
  2344 | D:4      | Mangled by a phantom

Skill      XL: |  1  2  3  4 |
---------------+-------------+-----
Axes           | 3 4 5 6 |  6.5
Fighting       | |  3.6
Armour         | |  3.6
Shields        | |  3.6

Action                   |  1- 3 |  4- 6 || total
-------------------------+-------+-------++-------
Melee: War axe           |   106 |    94 ||   200
       Headbutt          |    10 |     6 ||    16
Invok: Renounce Religion |       |     1 ||     1
  Eat: Chunk             |    13 |     3 ||    16
Armor: Scale mail        |    72 |    53 ||   125
Dodge: Dodged            |    29 |    20 ||    49
Block: Medium shield     |    57 |    56 ||   113
